 Dungeon Crawl Stone Soup version 0.31-a0-4-gefa6de2278 (webtiles) character file.

Game seed: 16467659963648868233

330 ders the Digger (level 6, -6/32 HPs)
             Began as a Gargoyle Earth Elementalist on May 4, 2023.
             Mangled by a wyvern (14 damage)
             ... on level 6 of the Dungeon.
             The game lasted 00:03:45 (3686 turns).

ders the Digger (Gargoyle Earth Elementalist)       Turns: 3686, Time: 00:03:46

Health: -6/32      AC: 12    Str: 11    XL:     6   Next: 51%
Magic:  9/12       EV: 11    Int: 18    God:
Gold:   237        SH:  0    Dex: 10    Spells: 10/14 levels left

rFire   . . .        p - +2 mace (protect)
rCold   . . .        (no shield)
rNeg    + . .        a - +0 robe
rPois   ∞            o - +1 helmet
rElec   +            h - scarf {repulsion}
rCorr   .            C - +1 pair of gloves
SInv    .            x - +1 pair of boots
Will    .....        (no amulet)
Stlth   ++           (no ring)
HPRegen 0.25/turn    (no ring)
MPRegen 0.13/turn

%: repel missiles
@: no status effects
A: sickness immunity, AC +4, negative energy resistance 1, electricity
resistance, torment resistance 1, petrification resistance
a: no special abilities


You were on level 6 of the Dungeon.
You visited 1 branch of the dungeon, and saw 7 of its levels.

You collected 237 gold pieces.

Inventory:

Hand Weapons
 f - a +0 hand axe
 p - a +2 mace of protection (weapon)
Missiles
 u - a throwing net
Armour
 a - a +0 robe (worn)
 h - a scarf of repulsion (worn)
 o - a +1 helmet (worn)
 x - a +1 pair of boots (worn)
 C - a +1 pair of gloves (worn)
Wands
 r - a wand of roots (4)
Scrolls
 e - a scroll of blinking
 g - 3 scrolls of immolation
 i - 2 scrolls of vulnerability
 n - a scroll of poison {unknown}
 t - a scroll of teleportation
 v - a scroll of noise
 w - a scroll of magic mapping
 y - a scroll of amnesia
 A - a scroll of torment {unknown}
Potions
 c - 4 potions of curing {unknown}
 d - a potion of flight {unknown}
 j - 3 potions of attraction {unknown}
 k - a potion of berserk rage {unknown}
 l - a potion of might {unknown}
 m - 2 potions of haste {unknown}
 q - a potion of ambrosia {unknown}
 s - a potion of cancellation {unknown}
 z - 2 potions of brilliance {unknown}
 B - a potion of heal wounds {unknown}
 D - a potion of lignification {unknown}


   Skills:
 - Level 1.5 Dodging
 - Level 2.1 Stealth
 + Level 4.5 Spellcasting
 - Level 0.7 Transmutations
 + Level 6.5 Earth Magic


You had 10 spell levels left.
You knew the following spells:

 Your Spells              Type           Power      Damage    Failure   Level
a - Sandblast             Erth           54%        2d13      1%          1
b - Stone Arrow           Conj/Erth      30%        3d8       11%         3

Your spell library contained the following spells:

 Spells                   Type           Power      Damage    Failure   Level
 Passwall                 Tmut/Erth      14%        N/A       4%          2
 Shock                    Conj/Air       16%        1d4       14%         1
 Petrify                  Tmut/Erth      17%        N/A       30%         4
 Swiftness                Air            4%         N/A       38%         3
 Airstrike                Air            2%         2d(1-17)  80%         4


Dungeon Overview and Level Annotations

Branches:
Dungeon (7/15)
 Temple: D:4-7

Altars:
Cheibriados
Dithmenos
Fedhas

Annotations:
D:4 2 transporters, om's ghost, novice DrRe


Innate Abilities, Weirdness & Mutations

You are immune to sickness and miasma.
Your stone body is resilient. (AC +4)
You are immune to poison.
You resist negative energy. (rN+)
You are resistant to electric shocks. (rElec)
You are resistant to unholy torment.
You are immune to petrification.


Message History

Aim: a wyvern (68% to hit)
The stone arrow hits the wyvern!
The wyvern is moderately wounded.
Unknown command.
Casting: Stone Arrow (quite dangerous; 11% risk of failure)
Confirm with . or Enter, or press ? or * to list all spells.
Aiming: Stone Arrow (quite dangerous; 11% risk of failure)
Press: ? - help, Shift-Dir - straight line, f/p - wyvern
Aim: a wyvern (moderately wounded, 68% to hit)
The stone arrow hits the wyvern.
The wyvern is heavily wounded.
The wyvern bites you. The wyvern closely misses you.
Unknown command.
Casting: Stone Arrow (quite dangerous; 11% risk of failure)
Confirm with . or Enter, or press ? or * to list all spells.
Aiming: Stone Arrow (quite dangerous; 11% risk of failure)
Press: ? - help, Shift-Dir - straight line, f/p - wyvern
Aim: a wyvern (heavily wounded, 68% to hit)
The stone arrow hits the wyvern!
The wyvern is severely wounded.
The wyvern bites you but does no damage.
Unknown command.
Casting: Stone Arrow (quite dangerous; 11% risk of failure)
Confirm with . or Enter, or press ? or * to list all spells.
Aiming: Stone Arrow (quite dangerous; 11% risk of failure)
Press: ? - help, Shift-Dir - straight line, f/p - wyvern
Aim: a wyvern (severely wounded, 68% to hit)
The stone arrow misses the wyvern.
The wyvern bites you. x2
Unknown command.
Magic courses through your body. The wyvern bites you!
* * * LOW HITPOINT WARNING * * *
Casting: Stone Arrow (quite dangerous; 11% risk of failure)
Confirm with . or Enter, or press ? or * to list all spells.
Aiming: Stone Arrow (quite dangerous; 11% risk of failure)
Press: ? - help, Shift-Dir - straight line, f/p - wyvern
Aim: a wyvern (severely wounded, 68% to hit)
The stone arrow misses the wyvern.
The wyvern bites you.
* * * LOW HITPOINT WARNING * * *
The wyvern bites you!
You die...

################
####..............## ##
#..'...............##
.######.##................##
..##....###############....#
.........# ##...#
.....###.##############....#
......####.....l@.........##
.........+...............##
.........#..............##
.........################
........... ...........
......... .........
.........


You could see a wyvern.

Vanquished Creatures
  Blork the orc (D:6)
  A hound (D:4)
  Terence (D:2)
  2 orc wizards (D:4)
  3 gnolls (D:3)
  5 adders
  A white imp (D:6)
  3 worms
  2 dart slugs
  3 orcs
  3 ball pythons
  7 endoplasms
  3 giant cockroaches
  6 goblins
  5 hobgoblins
  4 kobolds
  7 quokkas
  5 bats
  4 frilled lizards
  2 rats (D:1)
68 creatures vanquished.

Notes
Turn   | Place    | Note
-------+----------+-------------------------------------------
     0 | D:1      | ders the Gargoyle Earth Elementalist began the quest for
                  | the Orb.
     0 | D:1      | Reached XP level 1. HP: 10/10 MP: 3/3
   282 | D:1      | Reached XP level 2. HP: 15/15 MP: 1/5
   347 | D:1      | Reached skill level 4 in Earth Magic
  1022 | D:1      | Reached XP level 3. HP: 19/19 MP: 3/6
  1071 | D:1      | Found a faded altar of an unknown god.
  1639 | D:2      | Noticed Terence
  1643 | D:2      | Killed Terence
  1644 | D:2      | Reached skill level 5 in Earth Magic
  1644 | D:2      | Reached XP level 4. HP: 13/24 MP: 3/8
  2136 | D:3      | Learned a level 3 spell: Stone Arrow
  2265 | D:3      | Found a faded altar of an unknown god.
  2267 | D:3      | Reached XP level 5. HP: 28/28 MP: 8/10
  2322 | D:3      | Found a shadowy altar of Dithmenos.
  2325 | D:3      | Identified the +0 scale mail of Rethiyce {Harm rPois}
  2791 | D:4      | Found a transporter.
  2791 | D:4      | Noticed om's ghost (novice DrRe)
  2844 | D:4      | Reached skill level 6 in Earth Magic
  2851 | D:4      | Reached XP level 6. HP: 30/32 MP: 3/12
  2930 | D:4      | Found a blossoming altar of Fedhas.
  3327 | D:4      | Found a transporter.
  3485 | D:5      | Entered Level 5 of the Dungeon
  3491 | D:5      | You fall into a shaft and drop 2 floors!
  3501 | D:6      | Noticed Blork the orc
  3506 | D:6      | Killed Blork the orc
  3579 | D:6      | Found a snail-covered altar of Cheibriados.
  3675 | D:6      | Noticed a wyvern
  3686 | D:6      | Mangled by a wyvern

Illustrated notes

Levels and vault maps discovered:
D:1:      nicolae_arrival_somewhat_less_tricky_arrival, layout_loops_cross,
          shapermc_ecumenical_altar_mp_vishouse, minmay_misc_feat_alley
D:2:      layout_basic, uniq_terence
D:3:      layout_loops_ring, nicolae_overflow_ecumenical_swirl,
          kennysheep_big_empty_room
D:4:      wander_river, layout_loops_ring, mainiacjoe_overflow_alcove_1,
          gammafunk_ghost_arena
D:5:      dreamdust_elfheim, layout_rooms, minmay_temple_entry_drinking_statues,
          roderic_serpentine_path
D:6:      layout_layer_cave, old_standard_altar, portal_sewer_entry_d,
          dk_vineyard_2, amcnicky_mini_pool_small, nrook_uturn,
          wad_floor_pattern_untrapped, chequers_serial_rivers_large_a,
          uniq_blork_the_orc
D:7:      layout_rooms, kennysheep_generic_room_5

Skill      XL: |  1  2  3  4  5 |
---------------+----------------+-----
Earth Magic    | 4 5 6 |  6.5
Spellcasting   | 3 4 |  4.5
Dodging        | |  1.5
Stealth        | |  2.1
Transmutations | |  0.7

Action                     |  1- 3 |  4- 6 || total
---------------------------+-------+-------++-------
   Cast: Sandblast         |    53 |    52 ||   105
         Stone Arrow       |       |     8 ||     8
    Use: Scroll            |       |    11 ||    11
         Potion            |       |     1 ||     1
 Armour: Robe              |     1 |     6 ||     7
  Dodge: Dodged            |    12 |    10 ||    22

Table legend: (Time is in decaauts)
 A = Elapsed time spent in this place.
 B = Non-inter-level travel time spent in this place.
 C = Inter-level travel time spent in this place.
 D = Time resting spent in this place.
 E = Time spent auto-exploring this place.
 F = Levels seen in this place.
 G = Mean time per level.
                   A        B        C        D        E       F      G
               +--------+--------+--------+--------+--------+-----+--------+
         Total |   3753 |   3619 |    134 |    122 |   3059 |   7 |  536.1 |
       Dungeon |   3753 |   3619 |    134 |    122 |   3059 |   7 |  536.1 |
               +--------+--------+--------+--------+--------+-----+--------+

Top non-repeatable levels by time:
     D:1: 1126 daAuts
     D:3: 898 daAuts
     D:4: 885 daAuts
     D:2: 639 daAuts
     D:6: 192 daAuts
     D:5: 5 daAuts
     D:7: 4 daAuts
